 Dungeon Crawl Stone Soup version 0.32-a0-913-g739538afd8 (webtiles) character file.

Game seed: 12681668883019012733

51 spaghetti the Cudgeller (level 3, -3/39 HPs)
             Began as an Oni Chaos Knight on Apr 9, 2024.
             Was a Plaything of Xom.
             Slain by a gnoll
             ... wielding a +0 halberd
              (12 damage)
             ... on level 2 of the Dungeon.
             The game lasted 00:01:21 (1196 turns).

spaghetti the Cudgeller (Oni Chaos Knight)          Turns: 1196, Time: 00:01:22

Health: -3/39      AC:  6    Str: 15    XL:     3   Next: 83%
Magic:  3/3        EV:  9    Int: 12    God:    Xom [...*..]
Gold:   46         SH:  0    Dex: 14    Spells: 2/2 levels left

rFire   . . .        k - +2 whip (pain)
rCold   . . .        (no shield)
rNeg    . . .        b - +2 robe
rPois   .            (helmet restricted)
rElec   .            (no cloak)
rCorr   .            (gloves unavailable)
SInv    .            (boots unavailable)
Will    +....        (no amulet)
Stlth   +            d - ring of flight
HPRegen 0.26/turn    (no ring)
MPRegen 0.08/turn

%: no passive effects
@: flying
A: large, unfitting armour, horns 1, tough skin 1, double potion healing,
drunken brawling, iridescent scales 1, agile 1, deformed body, strong-willed 1
a: Renounce Religion


You were on level 2 of the Dungeon.
You worshipped Xom.
You were a favourite toy of Xom.
You visited 1 branch of the dungeon, and saw 2 of its levels.

You collected 46 gold pieces.

Inventory:

Hand Weapons
 a - a +0 mace of chaos
 k - a +2 whip of pain (weapon)
Armour
 b - a +2 robe (worn)
Jewellery
 d - a ring of flight (left hand)
Scrolls
 c - a scroll of butterflies
 e - 2 scrolls of identify
 f - a scroll of vulnerability
 h - a scroll of immolation
 j - a scroll of enchant weapon {unknown}
 m - a scroll of silence
 n - a scroll of revelation {unknown}
 o - a scroll of poison {unknown}
Potions
 g - a potion of lignification {unknown}
 i - 3 potions of curing


   Skills:
 - Level 4.0 Fighting
 + Level 4.6 Maces & Flails
 - Level 2.1 Dodging


You had 2 spell levels left.
You didn't know any spells.
Your spell library was empty.

Dungeon Overview and Level Annotations

Branches:
Dungeon (2/15)

Altars:


Innate Abilities, Weirdness & Mutations

You are too large for most types of armour.
You have a pair of small horns on your head.
You have tough skin. (AC +1)
You gain doubled healing and magic from potions.
Whenever you drink a healing potion, you attack all around you.
You are partially covered in iridescent scales. (AC +2)
You are agile. (Dex +4, Str/Int -1)
Armour fits poorly on your strangely shaped body.
You are strong-willed. (Will+)


Message History

You are too injured to fight recklessly!
You are too injured to fight recklessly!
You are too injured to fight recklessly!
You are too injured to fight recklessly!
You are too injured to fight recklessly!
You are too injured to fight recklessly!
You are too injured to fight recklessly!
You are too injured to fight recklessly!
You are too injured to fight recklessly!
You are too injured to fight recklessly!
You are too injured to fight recklessly!
You are too injured to fight recklessly!
Unknown command.
You hit the gnoll. Your headbutt misses the gnoll.
The gnoll is severely wounded.
The gnoll hits you with a +0 whip. The gnoll hits you but does no damage.
You closely miss the gnoll.
The gnoll is severely wounded.
The gnoll barely misses you. The gnoll hits you with a +0 whip.
You barely miss the gnoll.
You headbutt the gnoll, but do no damage.
The gnoll is severely wounded.
The gnoll hits you with a +0 whip. The gnoll hits you but does no damage.
You hit the gnoll but do no damage. You headbutt the gnoll.
You kill the gnoll!
The gnoll barely misses you.
You hit the gnoll but do no damage.
The gnoll hits you from afar with a +0 halberd!
A shower of butterflies erupts from you!
The gnoll hits you with a +0 club.
* * * LOW HITPOINT WARNING * * *
Unknown command.
You swap places. "First here, now there."
You swap places with your butterfly.
Some monsters swap places.
The gnoll hits your butterfly with a +0 club!
Your butterfly dies!
Your butterfly disappears in a puff of smoke!
The gnoll hits you with a +0 halberd!
You die...

..........##
...##....##
.....#.#..#
#..#.#### ...
#.##.## #.#.# .
#..#..# #..)#
##.##)#####...#
#.##...##..).###
###.......).##...###
#....#####.#......[.
#..#@## #..........
....##bg#
###........ ....#
##ยง# #........ ....
#g# #........ ###


.bb ######### ..b.. ....... ......... #.........# You could see 2 gnolls.

Vanquished Creatures
  A gnoll (D:2)
  An adder (D:2)
  A dart slug (D:1)
  4 endoplasms (D:1)
  A giant cockroach (D:2)
  A goblin (D:1)
  4 hobgoblins
  2 kobolds (D:2)
  2 quokkas
  6 ball pythons
  5 bats
  A rat (D:1)
29 creatures vanquished.

Vanquished Creatures (others)
  A gnoll (D:2)
1 creature vanquished.

Grand Total: 30 creatures vanquished

Notes
Turn   | Place    | Note
-------+----------+-------------------------------------------
     0 | D:1      | spaghetti the Oni Chaos Knight began the quest for the Orb.
     0 | D:1      | Reached XP level 1. HP: 24/24 MP: 1/1
    14 | D:1      | XOM: silly message
   201 | D:1      | Reached XP level 2. HP: 32/32 MP: 2/2
   291 | D:1      | XOM: silly message
   371 | D:1      | XOM: divination: magic mapping
   934 | D:2      | Reached XP level 3. HP: 30/39 MP: 3/3
  1048 | D:2      | XOM: cloud trail
  1086 | D:2      | Gained mutation: You are strong-willed. (Will+) [potion of
                  | mutation]
  1086 | D:2      | Gained mutation: You are partially covered in iridescent
                  | scales. (AC +2) [potion of mutation]
  1086 | D:2      | Gained mutation: Armour fits poorly on your strangely
                  | shaped body. [potion of mutation]
  1086 | D:2      | Gained mutation: You are agile. (Dex +4, Str/Int -1)
                  | [potion of mutation]
  1171 | D:2      | XOM: god gift: hand axe {god gift}
  1187 | D:2      | XOM: enchant monster (good)
  1195 | D:2      | XOM: butterfly on damage
  1196 | D:2      | XOM: swap monsters
  1196 | D:2      | Slain by a gnoll

Illustrated notes

Levels and vault maps discovered:
D:1:      denvon_arrival_hothouse, layout_basic, serial_aquarium,
          aquarium_bridge_long_joined [aquarium_subvault_bridge,
          aquarium_subvault_wall, aquarium_subvault_window,
          aquarium_subvault_wall, aquarium_subvault_wall,
          aquarium_subvault_window], aquarium_window_corridor_2,
          aquarium_window_fake, aquarium_window_1, aquarium_view_2c,
          aquarium_view_2c, aquarium_pool_four, minmay_misc_feat_rows,
          hangedman_decor_points
D:2:      layout_rooms, hex_intersection

Skill      XL: |  1  2 |
---------------+-------+-----
Maces & Flails | 4 |  4.6
Fighting       | |  4.0
Dodging        | |  2.1

Action                     || total
---------------------------++-------
  Melee: Mace              ||    45
         Headbutt          ||     9
         Whip              ||    24
    Use: Scroll            ||     4
         Potion            ||     3
   Stab: Sleeping          ||     2
         Confused          ||     1
 Armour: Robe              ||    53
  Dodge: Dodged            ||    29

Table legend: (Time is in decaauts)
 A = Elapsed time spent in this place.
 B = Non-inter-level travel time spent in this place.
 C = Inter-level travel time spent in this place.
 D = Time resting spent in this place.
 E = Time spent auto-exploring this place.
 F = Levels seen in this place.
 G = Mean time per level.
                   A        B        C        D        E       F      G
               +--------+--------+--------+--------+--------+-----+--------+
         Total |   1208 |   1182 |     26 |     23 |    961 |   2 |  604.0 |
       Dungeon |   1208 |   1182 |     26 |     23 |    961 |   2 |  604.0 |
               +--------+--------+--------+--------+--------+-----+--------+

Top non-repeatable levels by time:
     D:1: 933 daAuts
     D:2: 274 daAuts
